 Dungeon Crawl Stone Soup version 0.29-a0-243-g602b31c20e (webtiles) character file.

Game seed: 13529894172732956339

4 tsouns the Sneak (level 1, -7/19 HPs)
             Began as a Barachi Delver on Mar 4, 2022.
             Mangled by a bullfrog (8 damage)
             ... on level 6 of the Dungeon.
             The game lasted 00:01:22 (255 turns).

tsouns the Sneak (Barachi Delver)                    Turns: 255, Time: 00:01:23

Health: -7/19      AC:  3    Str: 13    XL:     1   Next: 60%
Magic:  1/1        EV: 12    Int: 10    God:
Gold:   0          SH:  0    Dex: 13    Spells: 0/0 levels left

rFire   . . .      SeeInvis .   a - +0 falchion
rCold   . . .      Faith    .   (no shield)
rNeg    . . .      Spirit   .   b - +0 leather armour
rPois   .          Reflect  .   (no helmet)
rElec   .          Harm     .   (no cloak)
rCorr   .          Rampage  .   (no gloves)
Will    .....                   (no boots)
Stlth   ++........              (no amulet)
HPRegen 0.06/turn               (no ring)
MPRegen 0.07/turn               (no ring)

@: hasted (expiring), quick
A: amphibious, slowness 1, strong legs 1, +LOS
a: Hop


You were on level 6 of the Dungeon.
You visited 1 branch of the dungeon, and saw 2 of its levels.

Inventory:

Hand Weapons
 a - a +0 falchion (weapon)
Missiles
 d - a throwing net
 j - 3 javelins
Armour
 b - a +0 leather armour (worn)
Wands
 g - a wand of digging (2)
Scrolls
 c - a scroll of fog
 e - a scroll of fear
 i - a scroll of identify {unknown}
Potions
 h - a potion of lignification {unknown}


   Skills:
 + Level 3.7 Fighting
 * Level 2.8 Long Blades
 - Level 2.1 Dodging
 - Level 4.5 Stealth


You couldn't memorise any spells.
You didn't know any spells.
Your spell library was empty.

Dungeon Overview and Level Annotations

Branches:
Dungeon (6/15)             Temple (0/1) D:6

Altars:

Shops:
D:6 (


Innate Abilities, Weirdness & Mutations

You are amphibious.
You cover ground slowly.
You can hop short distances.
You have an extended range of vision and can be seen from far away.


Message History

j - a javelin
j - 2 javelins (gained 1)
Things that are here:
a stone; a stone
Things that are here:
a stone; a stone You see here a stone.
j - 3 javelins (gained 1)
An iguana comes into view.
The iguana hisses angrily.
There is an entrance to Wasaxuta's Firing Range here.
You feel yourself speed up.
Found 4 poisoned darts.
A bullfrog comes into view.
Found a scroll labelled ETYUGG OLI QYH.
Found a sedimented black potion.
The bullfrog croaks.
Found 3 scrolls labelled UMOPHU ASEALIR.
The bullfrog barely misses you.
You see here a scroll labelled ETYUGG OLI QYH.
The bullfrog hits you.
You see here a sedimented black potion.
A necrophage comes into view.
A hound comes into view.
The bullfrog misses you.
Found a stone staircase leading up.
A gnoll shaman and a gnoll come into view.
The bullfrog hits you.
A phantom comes into view.
The phantom barely misses you. The bullfrog hits you.
You hit the phantom.
The phantom is lightly damaged.
The bullfrog hits you!
* * * LOW HITPOINT WARNING * * *
The phantom closely misses you.
You miss the phantom.
The phantom is lightly damaged.
Your extra speed is starting to run out.
The bullfrog hits you!
You die...

#.,,,,,* *,,, #.****,* *,**
****** #.* *,* *,** ,,,,,* #.*
*,* *,**
****,***#######.****,*********,**
,,,,,,,,........,,,,,,,,,,,,,,,**
*,,*,***#.......**,**,,,,#***,,,,
*<,*,,,,.......W##,,+,,,g+,,+,,,,
*,******,***####@##**,,.g#***,,,,
*,,,,,,,,,*##.h.F.#,#,...# *,,,,
**********,#....n.#.#....# *,,,,
*,,,***,,...#....l#......# *,,,,
****,*,,...,#......#,,,,,* **,***
*,,,,,*,.,,,#.....##*,,,,* *,,,,,
,,,,,,*,,....#.###.##***** *,,,,,
*,,,,,*,,...###.....# **,,,,,
*,,,,,,*,###,#......# *,,,,,,


You could see a phantom, a necrophage, a bullfrog, an iguana and a hound
(asleep).

Vanquished Creatures
  3 training dummies (D:6)
3 creatures vanquished.

Notes
Turn   | Place    | Note
-------+----------+-------------------------------------------
     0 | D:5      | tsouns the Barachi Delver began the quest for the Orb.
     0 | D:5      | Reached XP level 1. HP: 18/18 MP: 1/1
     1 | D:5      | Noticed a scorpion
   160 | D:6      | Noticed a scorpion
   187 | D:6      | Found Wasaxuta's Firing Range.
   212 | D:6      | Noticed an iguana
   230 | D:6      | Noticed a bullfrog
   242 | D:6      | Noticed a necrophage
   244 | D:6      | Noticed a hound
   248 | D:6      | Noticed a gnoll shaman
   250 | D:6      | Noticed a phantom
   255 | D:6      | Mangled by a bullfrog

Illustrated notes

Levels and vault maps discovered:
D:5:      layout_rooms
D:6:      nicolae_BIG_FREAKIN_CUBE, layout_basic, minmay_temple_entry_offerings,
          nicolae_shop_firing_range

Action                   || total
-------------------------++-------
Melee: Falchion          ||     9
Evoke: Wand              ||     1
  Use: Scroll            ||     1
       Potion            ||     1
Dodge: Dodged            ||     4

Table legend: (Time is in decaauts)
 A = Elapsed time spent in this place.
 B = Non-inter-level travel time spent in this place.
 C = Inter-level travel time spent in this place.
 D = Time resting spent in this place.
 E = Time spent auto-exploring this place.
 F = Levels seen in this place.
 G = Mean time per level.
                   A        B        C        D        E       F      G
               +--------+--------+--------+--------+--------+-----+--------+
         Total |    261 |    261 |      0 |      0 |    150 |   2 |  130.5 |
       Dungeon |    261 |    261 |      0 |      0 |    150 |   2 |  130.5 |
               +--------+--------+--------+--------+--------+-----+--------+

Top non-repeatable levels by time:
     D:6: 251 daAuts
     D:5: 9 daAuts
